 Dungeon Crawl Stone Soup version 0.32-a0-918-g0f22ef8d61 (webtiles) character file.

Game seed: 9637050504262971994

16940 Parakeet the Mimic (level 12, -2/85 HPs)
             Began as an Octopode Shapeshifter on Apr 10, 2024.
             Was an Initiate of Gozag.
             Slain by a six-headed hydra (8 damage)
             ... on level 11 of the Dungeon.
             The game lasted 00:19:19 (12067 turns).

Parakeet the Mimic (Octopode Shapeshifter)         Turns: 12067, Time: 00:19:19

Health: -2/85      AC:  3    Str: 16    XL:     12   Next: 42%
Magic:  12/12      EV: 17    Int: 24    God:    Gozag
Gold:   894        SH:  0    Dex: 17    Spells: 9/11 levels left

rFire   . .          .
                       - Unarmed
rCold   . . .        (shield currently unavailable)
rNeg    + . .        n - +2 hat
rPois   +            w - amulet "Vuelou" {Faith Str+3}
rElec   .            p - +4 ring of slaying
rCorr   .            s - +6 ring of intelligence
SInv    .            B - ring of positive energy
Will    .....        z - +6 ring of intelligence
Stlth   +++          a - ring of poison resistance
HPRegen 0.34/turn    l - ring of wizardry
MPRegen 0.13/turn    (no ring)
                     (no ring)

%: faith, wizardry (x1)
@: blade tentacles, gold aura
A: almost no armour, amphibious, 8 rings, camouflage 1, gelatinous body 1,
(nimble swimmer 1), tentacles
a: Begin Untransformation, Renounce Religion, Potion Petition, Call Merchant,
Bribe Branch


You were on level 11 of the Dungeon.
You worshipped Gozag.
Gozag was pleased with you.
You had blades for main tentacles.
You visited 1 branch of the dungeon, and saw 11 of its levels.

You collected 2181 gold pieces.
You spent 30 gold pieces at shops.
You paid 1257 gold pieces to Gozag.

Inventory:

Missiles
 F - a throwing net
Armour
 n - a +2 hat (worn)
Jewellery
 a - a ring of poison resistance (on tentacle)
 l - a ring of wizardry (on tentacle)
 p - a +4 ring of slaying (left blade tentacle)
 s - a +6 ring of intelligence (right blade tentacle)
 w - the amulet "Vuelou" (around mantle) {Faith Str+3}
   (You found it on level 10 of the Dungeon)

   [amulet of faith]

   Faith:     It allows you to gain divine favour quickly.
   Str+3:     It affects your strength (+3).
 z - a +6 ring of intelligence (on tentacle)
 B - a ring of positive energy (on tentacle)
Talismans
 c - a blade talisman (active)
Wands
 f - a wand of flame (6)
 m - a wand of mindburst (7)
 G - a wand of acid (4)
Scrolls
 b - a scroll of acquirement {unknown}
 e - 2 scrolls of poison {unknown}
 h - 2 scrolls of identify
 i - 2 scrolls of teleportation {unknown}
 j - 4 scrolls of fear
 r - 3 scrolls of immolation {unknown}
 t - a scroll of vulnerability {unknown}
 u - 2 scrolls of noise {unknown}
 x - 2 scrolls of fog {unknown}
 y - 2 scrolls of silence {unknown}
 A - a scroll of enchant armour {unknown}
 C - a scroll of revelation
Potions
 d - a potion of cancellation
 g - 3 potions of brilliance
 k - 2 potions of ambrosia
 o - 2 potions of resistance
 q - 2 potions of magic
 v - a potion of enlightenment {unknown}
 D - a potion of might
 E - a potion of heal wounds


   Skills:
 + Level 9.2 Fighting
 + Level 9.4 Dodging
 + Level 9.6 Unarmed Combat
 * Level 12.2 Shapeshifting


You had 9 spell levels left.
You knew the following spells:

 Your Spells              Type           Power      Damage    Failure   Level
a - Scorch                Fire           0%         2d5       9%          2

Your spell library contained the following spells:

 Spells                   Type           Power      Damage    Failure   Level
 Cigotuvi's Dreadful Rot  Necr/Alch/Air  0%         N/A       9%          2
 Frozen Ramparts          Ice            0%         1d1       17%         3
 Ozocubu's Armour         Ice            0%         N/A       17%         3
 Volatile Blastmotes      Fire/Tloc      0%         2d10      17%         3
 Dispel Undead            Necr           0%         3d6       47%         4
 Flame Wave               Conj/Fire      0%         2d4       47%         4
 Fulminant Prism          Conj/Alch      0%         3d5       47%         4
 Iskenderun's Mystic Bla Conj/Tloc 0%             2d3        (+2d1     47%         4
 Martyr's Knell           Necr/Summ      0%         N/A       47%         4
 Metabolic Englaciation   Hex/Ice        0%         N/A       82%         5
 Summon Cactus Giant      Summ           0%         N/A       100%        6


Dungeon Overview and Level Annotations

Branches:
Dungeon (11/15)            Temple (0/1) D:6            Lair (0/5) D:11
    Orc (0/2) D:9

Altars:
Cheibriados
Fedhas
Gozag
Hepliaklqana
Kikubaaqudgha
Makhleb
Okawaru
Sif Muna
Uskayaw
Wu Jian
Xom
Yredelemnul
Zin
The Shining One

Shops:
D:4 (   D:7 *   D:9 [(


Innate Abilities, Weirdness & Mutations

You have blades for main tentacles.
You are incapable of wielding weapons or throwing items.
You cannot wear most types of armour.
You are amphibious.
You can wear up to eight rings at the same time.
Your skin changes colour to match your surroundings (Stealth+).
Your rubbery body absorbs attacks. (AC +1, EV +1)
((You are camouflaged when in or above water. (Stealth+)))
You have tentacles for arms and can constrict up to eight enemies at once.


Message History

The centaur warrior shoots an arrow.
The arrow misses you.
The arrow hits the centaur warrior.
You slice the centaur warrior!!
The centaur warrior is severely wounded.
The centaur warrior closely misses you. The centaur warrior kicks you.
The centaur warrior shoots an arrow.
The arrow misses you.
The arrow hits the centaur warrior!
The centaur warrior completely misses you.
The centaur warrior kicks you.
You slice the centaur warrior!!
You kill the centaur warrior!
The centaur warrior shoots an arrow.
The arrow hits you!!
As you read the scroll labelled REDIHOTOSO, it crumbles to dust.
You assume a fearsome visage.
The six-headed hydra resists with some effort.
The ogre mage looks frightened!
The cyclops looks frightened!
The centaur warrior looks frightened!
It was a scroll of fear.
The cyclops is distracted by your dazzling golden aura.
The ogre mage gestures wildly while chanting.
The ogre mage flickers and vanishes!
Deactivating autopickup; reactivate with Ctrl-A.
The six-headed hydra bites you but does no damage.
The six-headed hydra closely misses you.
The six-headed hydra bites you! x2; The six-headed hydra barely misses you.
The six-headed hydra closely misses you.
The cyclops shouts!
Unknown command.
Aiming: Corrosive Bolt
Press: ? - help, Shift-Dir - straight line, f - six-headed hydra
Aim: a six-headed hydra (90% to hit)
The bolt of acid hits the six-headed hydra!
The six-headed hydra is moderately wounded.
The centaur warrior is distracted by your dazzling golden aura.
The six-headed hydra bites you!
* * * LOW HITPOINT WARNING * * *
The six-headed hydra bites you.
* * * LOW HITPOINT WARNING * * *
The six-headed hydra barely misses you. The six-headed hydra bites you!
You die...
Your body crumbles into a pile of gold.

#...###...##.##
##..## ##..##.#.
#c#'#######'#+#.
#.##......##.##.
##.##....##...#..
#Q#.##.##....##.#
##.#.###....###..
#.###.##..##.#
#@#)#.####...#
#D##.##.##...##
#.#".)#.##.###
{###[###.##.#
#CH.......##.#
##############


You could see a six-headed hydra, a tengu warrior, a centaur warrior (fleeing),
a manticore and a cyclops (fleeing).

Vanquished Creatures
  Gastronok (D:8)
  Harold (D:10)
  4 two-headed ogres
  A centaur warrior (D:11)
  The ghost of Drangen the Shooter, a novice CoHu (D:6)
  2 cyclopes
  Maggie (D:8)
  An unseen horror zombie (D:6)
  A spectral unseen horror (D:6)
  An unseen horror skeleton (D:6)
  3 trolls (D:11)
  The ghost of Gandelf the Shooter, an amateur SpCj (D:4)
  2 wyverns
  A wraith (D:11)
  3 steam dragons
  Grum (D:11)
  5 orc warriors
  2 ice beasts
  A black bear (D:7)
  A laughing skull (D:11)
  4 wolves
  8 centaurs
  An ogre (D:7)
  A phantom (D:6)
  A kobold brigand (D:9)
  4 bullfrogs
  A gnoll sergeant (D:7)
  A scorpion (D:6)
  21 killer bees
  5 howler monkeys
  A bombardier beetle (D:4)
  A centaur zombie (D:6)
  3 jellies
  A hound (D:5)
  3 orc priests
  Ijyb (D:3)
  9 orc wizards
  A spectral howler monkey (D:6)
  4 gnolls
  12 adders
  A shadow imp (D:7)
  4 white imps
  An ufetubus (D:7)
  A ribbon worm (D:5)
  4 dart slugs
  29 orcs
  7 bats
  3 endoplasms
  A giant cockroach (D:2)
  11 goblins
  10 hobgoblins
  2 jackals (D:2)
  A quokka (D:5)
  4 ball pythons
  6 frilled lizards
  10 kobolds
  6 rats
218 creatures vanquished.

Vanquished Creatures (collateral kills)
  A killer bee (D:9)
  An orc priest (D:9)
  An orc wizard (D:9)
  An orc (D:9)
4 creatures vanquished.

Vanquished Creatures (others)
  A killer bee (D:9)
  An iguana (D:6)
2 creatures vanquished.

Grand Total: 224 creatures vanquished

Notes
Turn   | Place    | Note
-------+----------+-------------------------------------------
     0 | D:1      | Parakeet the Octopode Shapeshifter began the quest for the
                  | Orb.
     0 | D:1      | Reached XP level 1. HP: 13/13 MP: 1/1
   221 | D:1      | Reached XP level 2. HP: 10/18 MP: 2/2
   764 | D:2      | Reached XP level 3. HP: 23/23 MP: 3/3
  1225 | D:2      | Reached XP level 4. HP: 29/29 MP: 4/4
  1553 | D:3      | Found an opulent altar of Gozag.
  1559 | D:3      | Became a worshipper of Gozag Ym Sagoz the Greedy
  1646 | D:3      | Noticed Ijyb
  1660 | D:3      | Killed Ijyb
  1661 | D:3      | Reached skill level 4 in Shapeshifting
  1780 | D:3      | Reached XP level 5. HP: 30/34 MP: 5/5
  2013 | D:3      | Found an ornate altar of the Wu Jian Council.
  2444 | D:4      | Found Qiplom's Weapon Shoppe.
  2721 | D:4      | Found a glowing silver altar of Zin.
  3086 | D:4      | Found a runed translucent door.
  3086 | D:4      | Noticed Gandelf's ghost (amateur SpCj)
  3144 | D:4      | Found a snail-covered altar of Cheibriados.
  3287 | D:4      | Reached XP level 6. HP: 41/41 MP: 6/6
  3485 | D:4      | Found an ancient bone altar of Kikubaaqudgha.
  3865 | D:4      | Killed Gandelf's ghost
  4038 | D:5      | Entered Level 5 of the Dungeon
  4057 | D:5      | Reached skill level 5 in Shapeshifting
  4088 | D:5      | Reached XP level 7. HP: 46/46 MP: 7/7
  4585 | D:5      | Found a shimmering altar of Xom.
  5000 | D:6      | Found a runed translucent gate.
  5000 | D:6      | Found a runed translucent gate.
  5000 | D:6      | Found a runed translucent gate.
  5000 | D:6      | Noticed Drangen's ghost (novice CoHu)
  5001 | D:6      | Noticed a spectral unseen horror
  5016 | D:6      | Reached XP level 8. HP: 36/54 MP: 8/8
  5261 | D:6      | Found a staircase to the Ecumenical Temple.
  5580 | D:6      | Killed Drangen's ghost
  5581 | D:6      | Reached skill level 5 in Unarmed Combat
  5581 | D:6      | Reached skill level 6 in Shapeshifting
  5583 | D:6      | Killed a spectral unseen horror
  5584 | D:6      | Reached skill level 5 in Dodging
  5590 | D:6      | Reached skill level 5 in Fighting
  5590 | D:6      | Reached skill level 7 in Shapeshifting
  5590 | D:6      | Reached XP level 9. HP: 53/61 MP: 9/9
  5822 | D:7      | Noticed a cyclops
  6216 | D:7      | Reached skill level 8 in Shapeshifting
  6250 | D:7      | HP: 2/62 [ice beast (8)]
  6592 | D:7      | Reached XP level 10. HP: 58/68 MP: 10/10
  6602 | D:7      | HP: 1/102 [something (5)]
  6914 | D:7      | Found a shimmering blue altar of Sif Muna.
  6934 | D:7      | Bought a scroll labelled REDIHOTOSO for 30 gold pieces
  6956 | D:7      | Found a hide-covered altar of Uskayaw.
  7028 | D:7      | Killed a cyclops
  7035 | D:7      | Reached skill level 9 in Shapeshifting
  7877 | D:7      | Learned a level 2 spell: Scorch
  8028 | D:8      | Found an iron altar of Okawaru.
  8143 | D:8      | Noticed Gastronok
  8165 | D:8      | Reached skill level 10 in Shapeshifting
  8165 | D:8      | Reached XP level 11. HP: 35/77 MP: 1/11
  8172 | D:8      | Killed Gastronok
  8173 | D:8      | Reached skill level 11 in Shapeshifting
  8391 | D:8      | Found a basalt altar of Yredelemnul.
  8593 | D:8      | Noticed Maggie
  8602 | D:8      | Killed Maggie
  8995 | D:9      | Found a blossoming altar of Fedhas.
  9042 | D:9      | Found Ejarasak's Weapon Shop.
  9042 | D:9      | Found a staircase to the Orcish Mines.
  9042 | D:9      | Found Wyusk's Armour Shop.
  9869 | D:10     | Entered Level 10 of the Dungeon
  9885 | D:10     | Noticed a two-headed ogre
  9891 | D:10     | Killed a two-headed ogre
  9936 | D:10     | Found a hazy altar of Hepliaklqana.
  9958 | D:10     | Identified the amulet "Vuelou" {Faith Str+3}
 10164 | D:10     | Found a glowing golden altar of the Shining One.
 10226 | D:10     | HP: 3/78 [centaur/arrow (4)]
 10882 | D:10     | Noticed a two-headed ogre
 10885 | D:10     | Killed a two-headed ogre
 10886 | D:10     | Reached XP level 12. HP: 84/84 MP: 12/12
 10922 | D:10     | Found a burning altar of Makhleb.
 11091 | D:10     | Noticed Harold
 11104 | D:10     | Killed Harold
 11277 | D:11     | Noticed a two-headed ogre
 11281 | D:11     | Killed a two-headed ogre
 11302 | D:11     | Found a staircase to the Lair.
 11491 | D:11     | Noticed Grum
 11720 | D:11     | Killed Grum
 11737 | D:11     | Reached skill level 12 in Shapeshifting
 11786 | D:11     | Noticed a two-headed ogre
 11790 | D:11     | Killed a two-headed ogre
 12057 | D:11     | Noticed a six-headed hydra
 12057 | D:11     | Noticed a centaur warrior
 12057 | D:11     | Noticed an ogre mage
 12057 | D:11     | Noticed a centaur warrior
 12057 | D:11     | Noticed a tengu warrior
 12065 | D:11     | Killed a centaur warrior
 12067 | D:11     | Slain by a six-headed hydra

Illustrated notes

Levels and vault maps discovered:
D:1:      dpeg_arrival_central, layout_basic
D:2:      layout_basic
D:3:      layout_basic, grunt_gozag_breadcrumbs,
          nicolae_wu_jian_immortal_techniques, minmay_goblin_outpost, uniq_ijyb
D:4:      kennysheep_spiral_hall, layout_layer_cave, chei_slow_surprise,
          mainiacjoe_overflow_alcove_4, mainiacjoe_overflow_alcove_2,
          serial_shops, shop, hellmonk_ghost_happy_afterlife
D:5:      layout_basic, xom_teletrap_fun, minivault_14, amcnicky_mini_pool_small
D:6:      layout_basic, lemuel_temple_firewalk_a, gammafunk_ghost_necromancy
D:7:      minmay_clustersquares, layout_basic,
          nicolae_uskayaw_murder_on_the_dancefloor,
          nicolae_overflow_hidden_temple, nicolae_eternal_life
D:8:      layout_cave_pods, mainiacjoe_overflow_concentric_impassable,
          okawaru_altar_gauntlet_db, dk_noncrumbling_4, uniq_maggie,
          uniq_gastronok
D:9:      layout_loops_cross, mainiacjoe_overflow_tiny_flanked, orc_david_3
D:10:     nicolae_whirlpool, layout_irregular_city, amcnicky_altar_gilded,
          old_standard_altar, tso_oasis_becter, uniq_harold
D:11:     minmay_the_grid_triangle_9x9_rhombus_thin
          [minmay_the_grid_triangle_9x9_odd_lines,
          minmay_the_grid_triangle_9x9_prize_top_heavy,
          minmay_the_grid_triangle_9x9_wacky_v,
          minmay_the_grid_triangle_9x9_sprig], layout_small_grid, serial_shops,
          shop, shop, shop, nicolae_shop_window_shopping, nicolae_diamond_shop,
          uniq_grum

Skill      XL: |  1  2  3  4  5  6  7  8  9 10 11 12 |
---------------+-------------------------------------+-----
Fighting       | 2 3 5 6 8 9 |  9.2
Shapeshifting  | 4 5 7 8 10 11 12 | 12.2
Dodging        | 3 4 5 6 8 9 |  9.4
Unarmed Combat | 4 5 6 8 9 |  9.6

Action                     |  1- 3 |  4- 6 |  7- 9 | 10-12 || total
---------------------------+-------+-------+-------+-------++-------
  Melee: Unarmed           |    42 |    89 |   131 |   197 ||   459
         Constrict         |    16 |    22 |    26 |    36 ||   100
         Tentacles         |     8 |    27 |    23 |    45 ||   103
         Punch             |       |     3 |     5 |    11 ||    19
   Cast: Scorch            |       |       |       |    13 ||    13
 Invoke: Call Merchant     |       |       |       |     1 ||     1
         Potion Petition   |       |       |       |     1 ||     1
  Evoke: Wand              |       |     3 |     1 |    23 ||    27
    Use: Potion            |       |     1 |     5 |     8 ||    14
         Scroll            |       |       |     3 |     3 ||     6
   Stab: Sleeping          |     4 |     6 |     1 |     5 ||    16
         Distracted        |       |     1 |     2 |       ||     3
 Armour: Skin              |    20 |    34 |   153 |   146 ||   353
  Dodge: Dodged            |    19 |    44 |   103 |   193 ||   359
   Form: Blade             |       |       |       |     1 ||     1

Table legend: (Time is in decaauts)
 A = Elapsed time spent in this place.
 B = Non-inter-level travel time spent in this place.
 C = Inter-level travel time spent in this place.
 D = Time resting spent in this place.
 E = Time spent auto-exploring this place.
 F = Levels seen in this place.
 G = Mean time per level.
                   A        B        C        D        E       F      G
               +--------+--------+--------+--------+--------+-----+--------+
         Total |  12001 |  11715 |    286 |      2 |  10350 |  11 | 1091.0 |
       Dungeon |  12001 |  11715 |    286 |      2 |  10350 |  11 | 1091.0 |
               +--------+--------+--------+--------+--------+-----+--------+

Top non-repeatable levels by time:
     D:7: 2187 daAuts
     D:4: 1590 daAuts
    D:10: 1416 daAuts
     D:9: 1094 daAuts
     D:8: 1055 daAuts
     D:3: 963 daAuts
     D:6: 944 daAuts
     D:5: 743 daAuts
     D:2: 737 daAuts
     D:1: 736 daAuts
    D:11: 531 daAuts
